 Dungeon Crawl Stone Soup version 0.29-a0-598-gd8304a5bf4 (console) character file.

Game seed: 14077324021259021411

56 om the Chiller (level 3, 0/24 HPs)
             Began as a Merfolk Ice Elementalist on June 15, 2022.
             Slain by a gnoll
             ... wielding a +0 spear
              (8 damage)
             ... on level 1 of the Dungeon.
             The game lasted 00:02:43 (1785 turns).

om the Chiller (Merfolk Ice Elementalist)           Turns: 1785, Time: 00:02:44

Health: 0/24       AC:  2    Str: 10    XL:     3   Next: 95%
Magic:  4/6        EV: 13    Int: 14    God:
Gold:   82         SH:  0    Dex: 14    Spells: 6/7 levels left

rFire   . . .      SeeInvis .   c - +0 short sword
rCold   . . .      Faith    .   (no shield)
rNeg    . . .      Spirit   .   a - +0 robe
rPois   .          Reflect  .   (no helmet)
rElec   .          Harm     .   (no cloak)
rCorr   .          Rampage  .   (no gloves)
Will    .....                   (no boots)
Stlth   ++........              (no amulet)
HPRegen 0.08/turn               (no ring)
MPRegen 0.10/turn               (no ring)

@: no status effects
A: (nimble swimmer 2), mertail
a: no special abilities


You were on level 1 of the Dungeon.
You visited 1 branch of the dungeon, and saw 2 of its levels.

You collected 82 gold pieces.

Inventory:

Hand Weapons
 c - a +0 short sword (weapon)
Armour
 a - a +0 robe (worn)
Wands
 k - a wand of mindburst (12)
Scrolls
 e - a scroll of fog {unknown}
 h - a scroll of vulnerability {unknown}
Potions
 b - a potion of magic
 d - 2 potions of brilliance {unknown}
 f - 2 potions of curing
 g - a potion of cancellation {unknown}
 i - a potion of heal wounds
 j - a potion of lignification {unknown}


   Skills:
 + Level 1.0 Short Blades
 + Level 3.0 Dodging
 + Level 2.6 Stealth
 + Level 2.5 Spellcasting
 + Level 5.1 Ice Magic


You had 6 spell levels left.
You knew the following spells:

 Your Spells              Type           Power      Damage    Failure   Level
a - Freeze                Ice            64%        1d8       2%          1

Your spell library contained the following spells:

 Spells                   Type           Power      Damage    Failure   Level
 Frozen Ramparts          Ice            32%        1d5       9%          3
 Ozocubu's Armour         Ice            16%        N/A       9%          3
 Hailstorm                Conj/Ice       9%         3d4       61%         4


Dungeon Overview and Level Annotations

Branches:
Dungeon (2/15)

Altars:

Shops:
D:2 (


Innate Abilities, Weirdness & Mutations

((You are very nimble when in or above water. (Stealth+, EV+, Speed+++)))
Your lower body shifts to a powerful aquatic tail in water.


Message History

Found an escape hatch in the ceiling.
The adder hisses angrily.
The adder closely misses you.
You closely miss the adder. The adder closely misses you.
You freeze the adder!
The adder is severely wounded.
The adder misses you.
You freeze the adder.
You kill the adder!
Your Short Blades skill increases to level 1!
k - a wand of mindburst (12)
d - 2 orange potions (gained 1)
A gnoll comes into view. It is wielding a +0 spear.
The gnoll shouts!
You hear a shout! x2
A gnoll comes into view. It is wielding a +0 spear.
A gnoll comes into view. It is wielding a +0 whip.
There is a stone staircase leading up here.
You see here 2 potions of mutation.
The gnoll hits you with a +0 spear.
There is a stone staircase leading up here.
You see here 2 potions of mutation.
The gnoll hits you with a +0 spear!
You climb upwards.
There is a stone staircase leading down here.
You are too injured to fight recklessly!
You are too injured to fight recklessly!
Aiming: Freeze (safe; 2% risk of failure)
Press: ? - help, Q - select action, (/) - cycle Shift-Dir - straight line, f - gnoll
Aim: a gnoll, wielding a +0 spear You freeze the gnoll.
The gnoll is lightly wounded.
The gnoll hits you with a +0 spear.
* * * LOW HITPOINT WARNING * * *
Aiming: Freeze (safe; 2% risk of failure)
Press: ? - help, Q - select action, (/) - cycle Shift-Dir - straight line, f/p - gnoll
Aim: a gnoll, wielding a +0 spear (lightly wounded)
You freeze the gnoll.
The gnoll is moderately wounded.
The gnoll hits you with a +0 spear!
You die...

#.# #.# #.# #.#
#.# #.# #.# #.#
#####
#######.######.#
########....
#......).....#.#
#.....##....
#.......####.#.#
#.###.##....
#.......#
#.#.###.###.......
#.......#
#.................
#.......#
#............#....
#########
#@g...............
#.......####......
#..........'......
#.......####......
#......## #......
######## #......
#...... #......
#...... #......
###......


You could see a gnoll.

Vanquished Creatures
  3 adders (D:2)
  A dart slug (D:2)
  2 ball pythons
  3 endoplasms
  5 goblins
  3 jackals (D:1)
  A bat (D:1)
  2 frilled lizards
  5 kobolds
  2 rats
27 creatures vanquished.

Notes
Turn   | Place    | Note
-------+----------+-------------------------------------------
     0 | D:1      | om the Merfolk Ice Elementalist began the quest for the
                  | Orb.
     0 | D:1      | Reached XP level 1. HP: 13/13 MP: 3/3
   161 | D:1      | Reached XP level 2. HP: 16/19 MP: 1/5
   932 | D:2      | Reached skill level 5 in Ice Magic
   977 | D:2      | Reached XP level 3. HP: 11/24 MP: 3/6
  1209 | D:2      | Found Nowixtaonuy's Antique Weapon Boutique.
  1708 | D:2      | Reached skill level 1 in Short Blades
  1785 | D:1      | Slain by a gnoll

Illustrated notes

Levels and vault maps discovered:
D:1:      lightli_arrival_flooded_house, layout_basic
D:2:      layout_loops_ring, serial_shops, shop_fountains

Skill      XL: |  1  2  3 |
---------------+----------+-----
Ice Magic      | 5 |  5.1
Dodging        | 3 |  3.0
Short Blades   | 1 |  1.0
Stealth        | |  2.6
Spellcasting   | |  2.5

Action                   || total
-------------------------++-------
Melee: Short sword       ||    44
       Punch             ||     1
 Cast: Freeze            ||    27
  Use: Scroll            ||     4
 Stab: Sleeping          ||     7
Armor: Robe              ||     7
Dodge: Dodged            ||    39

Table legend: (Time is in decaauts)
 A = Elapsed time spent in this place.
 B = Non-inter-level travel time spent in this place.
 C = Inter-level travel time spent in this place.
 D = Time resting spent in this place.
 E = Time spent auto-exploring this place.
 F = Levels seen in this place.
 G = Mean time per level.
                   A        B        C        D        E       F      G
               +--------+--------+--------+--------+--------+-----+--------+
         Total |   1788 |   1766 |     22 |    499 |   1029 |   2 |  894.0 |
       Dungeon |   1788 |   1766 |     22 |    499 |   1029 |   2 |  894.0 |
               +--------+--------+--------+--------+--------+-----+--------+

Top non-repeatable levels by time:
     D:2: 895 daAuts
     D:1: 892 daAuts
